 Dungeon Crawl Stone Soup version 0.31-a0-18-gea43df2a32 (webtiles) character file.

Game seed: 8861721689194340067

81 123 the Ruffian (level 4, -6/37 HPs)
             Began as a Ghoul Gladiator on May 12, 2023.
             Mangled by an iguana (11 damage)
             ... on level 5 of the Dungeon.
             The game lasted 00:14:47 (1938 turns).

123 the Ruffian (Ghoul Gladiator)                   Turns: 1938, Time: 00:14:47

Health: -6/37      AC:  4    Str: 15 (19) XL:     4   Next: 42%
Magic:  3/3        EV: 11    Int:  3      God:
Gold:   80         SH:  0    Dex:  7 (10) Spells: 3/3 levels left

rFire   . .          .
                       - Unarmed
rCold   + . .        (no shield)
rNeg    + + +        a - +0 leather armour
rPois   ∞            b - +0 helmet
rElec   .            (no cloak)
rCorr   .            (no gloves)
SInv    .            (no boots)
Will    .....        (no amulet)
Stlth   +            (no ring)
HPRegen 0.00/turn    (no ring)
MPRegen 0.08/turn

%: no passive effects
@: inhibited regen
A: claws 1, cold resistance 1, negative energy resistance 3, inhibited
regeneration, torment resistance 2, devour on kill
a: no special abilities


You were on level 5 of the Dungeon.
You visited 1 branch of the dungeon, and saw 5 of its levels.

You collected 80 gold pieces.

Inventory:

Missiles
 c - 3 throwing nets (quivered)
 d - a javelin
Armour
 a - a +0 leather armour (worn)
 b - a +0 helmet (worn)
 h - a +0 chain mail
 k - a +0 helmet
Wands
 i - a wand of charming (8)
Scrolls
 e - 2 scrolls of teleportation {unknown}
 f - a scroll of magic mapping
 j - 2 scrolls of identify
Potions
 g - a potion of heal wounds


   Skills:
 + Level 2.7 Fighting
 + Level 1.9 Throwing
 + Level 1.3 Armour
 + Level 3.3 Dodging
 + Level 4.2 Unarmed Combat


You had 3 spell levels left.
You didn't know any spells.
Your spell library was empty.

Dungeon Overview and Level Annotations

Branches:
Dungeon (5/15)             Temple (0/1) D:4

Altars:


Innate Abilities, Weirdness & Mutations

You are immune to poison.
You have sharp fingernails.
Your flesh is cold resistant. (rC+)
You are immune to negative energy. (rN+++)
You do not regenerate when monsters are visible.
You are immune to unholy pain and torment.
You thrive by killing the living.


Message History

There is an escape hatch in the floor here.
You slide downwards.
The hatch slams shut behind you.
The orc shouts!
You hear a shout!
Found an escape hatch in the ceiling.
An orc comes into view. It is wielding a +0 club.
An orc comes into view. It is wielding a +0 morningstar.
An iguana comes into view.
The iguana hisses angrily.
The orc hits you but does no damage.
There is an escape hatch in the ceiling here.
You scratch the orc but do no damage. You scratch the orc.
The orc is severely wounded.
The orc hits you with a +0 flail!
You scratch the orc but do no damage.
The orc is severely wounded.
The orc closely misses you.
You claw the orc!
You kill the orc!
You feel better.
You barely miss the orc. The orc hits you but does no damage.
You claw the orc!
You kill the orc!
You scratch the iguana.
The iguana is lightly wounded.
The iguana bites you.
You scratch the iguana.
The iguana is moderately wounded.
The iguana bites you!
You scratch the iguana but do no damage.
The iguana is moderately wounded.
The iguana bites you!
* * * LOW HITPOINT WARNING * * *
You scratch the iguana but do no damage.
The iguana is moderately wounded.
The iguana misses you.
You scratch the iguana.
The iguana is severely wounded.
The iguana bites you!
You die...

. .. #.#
######...#
#...@lo#
#...######
#..## #...
..# #


You could see an iguana and an orc.

Vanquished Creatures
  2 adders
  An ufetubus (D:4)
  2 worms (D:2)
  A dart slug (D:2)
  2 orcs (D:5)
  2 bats
  3 endoplasms
  3 giant cockroaches (D:1)
  A goblin (D:1)
  A hobgoblin (D:4)
  8 jackals
  3 quokkas
  4 ball pythons
  4 kobolds
  8 rats
45 creatures vanquished.

Notes
Turn   | Place    | Note
-------+----------+-------------------------------------------
     0 | D:1      | 123 the Ghoul Gladiator began the quest for the Orb.
     0 | D:1      | Reached XP level 1. HP: 17/17 MP: 0/0
    92 | D:1      | Reached XP level 2. HP: 21/24 MP: 1/1
   176 | D:1      | Found a faded altar of an unknown god.
   349 | D:1      | Reached XP level 3. HP: 20/30 MP: 2/2
   792 | D:2      | Reached skill level 4 in Unarmed Combat
  1040 | D:2      | Reached skill level 1 in Armour
  1063 | D:2      | Reached XP level 4. HP: 23/37 MP: 3/3
  1464 | D:4      | Found a staircase to the Ecumenical Temple.
  1925 | D:5      | Entered Level 5 of the Dungeon
  1938 | D:5      | Mangled by an iguana

Illustrated notes

Levels and vault maps discovered:
D:1:      mrwooster_arrival_statue, layout_basic,
          chequers_ecumenical_altar_simple_redux
D:2:      layout_basic
D:3:      layout_basic, uniq_pargi, uniq_crazy_yiuf_cottage
D:4:      layout_loops_ring, mainiacjoe_overflow_chevrons,
          minmay_temple_entry_glass, dreamdust_princess_bridge
D:5:      layout_rooms, lemuel_tele_altar, mainiacjoe_overflow_cross_hatched,
          grunt_temple_overflow_open, serial_shops, shop, minmay_manual_monolith

Skill      XL: |  1  2  3 |
---------------+----------+-----
Dodging        | 3 |  3.3
Unarmed Combat | 4 |  4.2
Armour         | 1 |  1.3
Fighting       | |  2.7
Throwing       | |  1.9

Action                     |  1- 3 |  4- 6 || total
---------------------------+-------+-------++-------
  Melee: Unarmed           |   130 |   374 ||   504
         Punch             |     1 |    22 ||    23
  Throw: Throwing net      |     1 |       ||     1
    Use: Potion            |     5 |       ||     5
         Scroll            |     1 |       ||     1
 Armour: Leather armour    |    64 |    11 ||    75
  Dodge: Dodged            |   109 |    31 ||   140

Table legend: (Time is in decaauts)
 A = Elapsed time spent in this place.
 B = Non-inter-level travel time spent in this place.
 C = Inter-level travel time spent in this place.
 D = Time resting spent in this place.
 E = Time spent auto-exploring this place.
 F = Levels seen in this place.
 G = Mean time per level.
                   A        B        C        D        E       F      G
               +--------+--------+--------+--------+--------+-----+--------+
         Total |   1898 |   1871 |     27 |      0 |      0 |   5 |  379.6 |
       Dungeon |   1898 |   1871 |     27 |      0 |      0 |   5 |  379.6 |
               +--------+--------+--------+--------+--------+-----+--------+

Top non-repeatable levels by time:
     D:1: 599 daAuts
     D:2: 481 daAuts
     D:4: 432 daAuts
     D:3: 373 daAuts
     D:5: 11 daAuts
